 Dungeon Crawl Stone Soup version 0.24-a0-520-g8fd06ad0bc (webtiles) character file.

Game seed: 12717101255643625292

46 vurker the Ruffian (level 3, 0/31 HPs)
             Began as a Gnoll Wanderer on July 24, 2019.
             Slain by an ooze (1 damage)
             ... on level 2 of the Dungeon.
             The game lasted 00:02:46 (1172 turns).

vurker the Ruffian (Gnoll Wanderer)                 Turns: 1172, Time: 00:02:47

Health: 0/31       AC:  7    Str: 17    XL:     3   Next: 66%
Magic:  0/4        EV: 10    Int: 12    God:
Gold:   45         SH:  0    Dex: 14    Spells: 3/3 levels left

rFire    . . .     SeeInvis .   b - +0 dagger
rCold    . . .     Gourm    .   (no shield)
rNeg     . . .     Faith    .   l - +0 ring mail
rPois    .         Spirit   +   k - +2 hat
rElec    .         Reflect  .   j - scarf {Spirit}
rCorr    .         Harm     .   (no gloves)
MR       .....                  (no boots)
Stlth    ++........             (no amulet)
HPRegen  0.10/turn              n - ring of stealth
MPRegen  0.09/turn              (no ring)

@: lethally poisoned (0 -> -5)
A: distributed training, fangs 1, strong nose
a: no special abilities


You were on level 2 of the Dungeon.
You were not hungry.

You visited 1 branch of the dungeon, and saw 2 of its levels.

You collected 45 gold pieces.

Inventory:

Hand Weapons
 a - a +2 hand crossbow
 b - a +0 dagger (weapon)
   (You took it off a kobold on level 1 of the Dungeon)
Missiles
 h - 39 bolts
Armour
 f - a +0 robe
 j - a scarf of spirit shield (worn)
   (You found it on level 1 of the Dungeon)
 k - a +2 hat (worn)
   (You found it on level 1 of the Dungeon)
 l - a +0 ring mail (worn)
   (You found it on level 1 of the Dungeon)
Jewellery
 n - a ring of stealth (left hand)
   (You found it on level 1 of the Dungeon)
Scrolls
 c - a scroll of teleportation
 g - a scroll of blinking {unknown}
Potions
 d - a potion of lignification
 i - a potion of agility {unknown}
Comestibles
 e - a ration
 m - 2 chunks of flesh


   Skills:
 + Level 4.5 Fighting
 + Level 0.9 Short Blades
 + Level 0.9 Long Blades
 + Level 0.9 Axes
 + Level 0.9 Maces & Flails
 + Level 0.9 Polearms
 + Level 0.9 Staves
 + Level 0.9 Slings
 + Level 0.9 Bows
 + Level 4.5 Crossbows
 + Level 0.9 Throwing
 + Level 2.6 Armour
 + Level 0.9 Dodging
 + Level 2.4 Stealth
 + Level 0.9 Shields
 + Level 6.5 Unarmed Combat
 + Level 0.9 Spellcasting
 + Level 0.6 Conjurations
 + Level 0.6 Hexes
 + Level 0.6 Charms
 + Level 0.6 Summonings
 + Level 0.6 Necromancy
 + Level 0.6 Translocations
 + Level 0.6 Transmutations
 + Level 0.6 Fire Magic
 + Level 0.6 Ice Magic
 + Level 0.6 Air Magic
 + Level 0.6 Earth Magic
 + Level 0.6 Poison Magic
 + Level 1.0 Invocations
 + Level 2.6 Evocations


You had 3 spell levels left.
You didn't know any spells.
Your spell library was empty.

Dungeon Overview and Level Annotations

Branches:
Dungeon (2/15)

Altars:


Innate Abilities, Weirdness & Mutations

Your experience applies equally to all skills.
You have very sharp teeth.
Your uncanny sense of smell can sniff out nearby items.


Message History

You feel sick.
You feel sick.
You feel sick.
You feel sick.
An ooze comes into view.
An ooze is nearby!
An ooze is nearby!
You feel sick.
You see here an adder corpse.
An adder comes into view.
You feel sick.
A frilled lizard comes into view.
You feel sick.
The adder hisses angrily.
The ooze hits you.
You hit the ooze but do no damage. The ooze hits you but does no damage.
You hit the adder but do no damage. Your bite misses the adder.
The adder bites you but does no damage. The ooze hits you but does no damage.
The adder bites you.
* * * LOW HITPOINT WARNING * * *
You are too injured to fight recklessly!
You are too injured to fight recklessly!
You are too injured to fight recklessly!
Unknown command.
You closely miss the adder.
You feel sick. The adder bites you but does no damage. The ooze hits you.
* * * LOW HITPOINT WARNING * * *
You hit the adder but do no damage. The adder closely misses you.
The ooze barely misses you.
You barely miss the adder. Your bite misses the adder.
The adder bites you but does no damage. The ooze hits you but does no damage.
The adder misses you.
You closely miss the adder. The adder bites you but does no damage.
The ooze barely misses you.
You hit the adder.
You feel sick. The adder bites you.
* * * LOW HITPOINT WARNING * * *
You are lethally poisoned!
The adder poisons you! The ooze hits you but does no damage.
You hit the adder but do no damage. The adder bites you but does no damage.
The frilled lizard bites you.
* * * LOW HITPOINT WARNING * * *
The ooze jiggles.
The ooze hits you but does no damage.
You closely miss the adder.
* * * LOW HITPOINT WARNING * * *
You feel sick. The adder barely misses you. The frilled lizard misses you.
The adder bites you.
* * * LOW HITPOINT WARNING * * *
The ooze hits you.
You die...

#.#...........+...#..#
..............#
..#....†......#
##................
...............<..
.....>............
..................
......##......##..
......l@......# ..
......JS.........
.....##.......... ....
........... ...
............ ..
............. .
..............
..............


You could see an ooze, an adder and a frilled lizard.

Vanquished Creatures
  An adder (D:2)
  2 dart slugs (D:1)
  3 goblins (D:1)
  7 hobgoblins (D:1)
  4 jackals (D:1)
  6 kobolds (D:1)
  A ball python (D:2)
  4 bats (D:1)
  A frilled lizard (D:1)
  2 rats (D:1)
31 creatures vanquished.

Notes
Turn   | Place    | Note
-------+----------+-------------------------------------------
     0 | D:1      | vurker the Gnoll Wanderer began the quest for the Orb.
     0 | D:1      | vurker set off with the following items: a +2 hand
                  | crossbow, 29 bolts, a scroll of teleportation, a potion of
                  | lignification, a ration, a +0 robe
     0 | D:1      | Reached XP level 1. HP: 20/20 MP: 2/2
    50 | D:1      | Reached XP level 2. HP: 18/26 MP: 3/3
   428 | D:1      | Reached XP level 3. HP: 13/31 MP: 0/4
  1148 | D:2      | Reached skill level 1 in Invocations
  1172 | D:2      | HP: 1/31 [adder (3)]
  1172 | D:2      | Slain by an ooze

Levels and vault maps discovered:
D:1:      roderic_chinese_lattice_arrival, layout_rooms
D:2:      layout_basic, chequers_ecumenical_altar_simple

Skill      XL: |  1  2  3 |
---------------+----------+-----
Invocations    | 1 |  1.0
Fighting       | |  4.5
Short Blades   | |  0.9
Long Blades    | |  0.9
Axes           | |  0.9
Maces & Flails | |  0.9
Polearms       | |  0.9
Staves         | |  0.9
Slings         | |  0.9
Bows           | |  0.9
Crossbows      | |  4.5
Throwing       | |  0.9
Armour         | |  2.6
Dodging        | |  0.9
Stealth        | |  2.4
Shields        | |  0.9
Unarmed Combat | |  6.5
Spellcasting   | |  0.9
Conjurations   | |  0.6
Hexes          | |  0.6
Charms         | |  0.6
Summonings     | |  0.6
Necromancy     | |  0.6
Translocations | |  0.6
Transmutations | |  0.6
Fire Magic     | |  0.6
Ice Magic      | |  0.6
Air Magic      | |  0.6
Earth Magic    | |  0.6
Poison Magic   | |  0.6
Evocations     | |  2.6

Action                   || total
-------------------------++-------
Melee: Short sword       ||    16
       Dagger            ||    85
       Unarmed           ||     7
       Bite              ||    10
       Punch             ||     3
 Fire: Hand crossbow     ||     7
 Stab: Sleeping          ||     2
  Eat: Chunk             ||     1
Armor: Robe              ||     8
       Ring mail         ||    23
Dodge: Dodged            ||    61

Table legend:
 A = Non-vault XP
 B = Vault XP
 C = Vault XP percentage of total XP
 D = Non-vault monster count
 E = Vault monster count
 F = Vault count percentage of total count
                 A         B        C        D         E       F
            +---------+---------+-------+---------+---------+-------
      Total |      66 |       0 |   0.0 |      31 |       0 |   0.0
            +---------+---------+-------+---------+---------+-------
        D:1 |      52 |       0 |   0.0 |      29 |       0 |   0.0
        D:2 |      14 |       0 |   0.0 |       2 |       0 |   0.0
            +---------+---------+-------+---------+---------+-------
